 Dungeon Crawl Stone Soup version 0.23.1 (webtiles) character file.

Game seed: 5228090342338105262

39 Kairos the Sneak (level 3, -6/18 HPs)
             Began as a Vine Stalker Assassin on Mar 17, 2019.
             Was an Initiate of Okawaru.
             Mangled by a worm (8 damage)
             ... on level 2 of the Dungeon.
             The game lasted 00:01:12 (821 turns).

Kairos the Sneak (Vine Stalker Assassin)             Turns: 821, Time: 00:01:13

Health: -6/18      AC:  3    Str: 13    XL:     3   Next: 47%
Magic:  0/4        EV: 11    Int: 11    God:    Okawaru [......]
Gold:   85         SH:  0    Dex: 16    Spells: 2/2 levels left

rFire    . . .     SeeInvis .   i - +1 short sword (venom)
rCold    . . .     Gourm    .   (no shield)
rNeg     . . .     Faith    .   c - +0 robe
rPois    .         Spirit   +   (no helmet)
rElec    .         Reflect  .   d - +0 cloak
rCorr    .         Harm     .   (no gloves)
MR       .....                  (no boots)
Stlth    +++.......             (no amulet)
HPRegen  0.06/turn              (no ring)
MPRegen  0.09/turn              (no ring)

@: no status effects
A: fangs 2, magic shield, antimagic bite, no potion heal 3, rot immunity
a: Renounce Religion


You were on level 2 of the Dungeon.
You worshipped Okawaru.
Okawaru was noncommittal.
You were not hungry.

You visited 1 branch of the dungeon, and saw 2 of its levels.

You collected 85 gold pieces.

Inventory:

Hand Weapons
 a - a +2 dagger
 b - a +0 blowgun
 i - a +1 short sword of venom (weapon)
Missiles
 e - 8 poisoned needles
 f - 2 curare-tipped needles
Armour
 c - a +0 robe (worn)
 d - a +0 cloak (worn)
Scrolls
 j - a scroll of blinking {unknown}
 k - a scroll of identify
Potions
 h - 2 potions of lignification
 l - 3 potions of haste
Comestibles
 g - 3 rations


   Skills:
 + Level 2.2 Fighting
 + Level 2.2 Short Blades
 + Level 1.9 Throwing
 + Level 0.7 Dodging
 + Level 5.6 Stealth


You had 2 spell levels left.
You didn't know any spells.
Your spell library was empty.

Dungeon Overview and Level Annotations

Branches:
Dungeon (2/15)

Altars:
Okawaru
Sif Muna


Innate Abilities, Weirdness & Mutations

You have extremely sharp teeth.
When hurt, damage is shared between your health and your magic reserves.
Your bite disrupts and absorbs the magic of your enemies.
Potions cannot restore your health.
You are immune to rotting.


Message History

The bat hits you. The bat barely misses you. The bat barely misses you.
The bat misses you. The bat closely misses you.
You closely miss the bat. Your bite misses the bat.
The bat hits you but does no damage. The bat hits you but does no damage.
The worm bites you!
* * * LOW HITPOINT WARNING * * *
You hit the worm.
The worm is poisoned.
You bite the worm. You drain its power.
You feel invigorated.
The worm is moderately wounded.
The bat misses you.
You hit the worm but do no damage. Your bite misses the worm.
The worm is heavily wounded.
The bat hits you.
* * * LOW HITPOINT WARNING * * *
The worm barely misses you.
You hit the worm. You bite the worm. You drain its power.
The worm is severely wounded.
The bat closely misses you. The worm bites you!
You die...

#############
##.....#$....##
##.............#######
#.............<.......
#####...............<.....
..........................
##...........@w.†......
#####.....................
..................b.......
..###..............#...###
..# #....[..#.....#.....#
..###.........####.......#
...##...##..... .......#
.........#...... .......#
###.##...> ..


You could see a worm and a bat.

Vanquished Creatures
  A hound skeleton (D:2)
  A worm (D:2)
  A dart slug (D:1)
  A giant cockroach (D:1)
  3 goblins (D:1)
  2 hobgoblins (D:2)
  4 kobolds (D:1)
  A quokka (D:2)
  2 bats (D:2)
  2 frilled lizards (D:1)
  6 rats
24 creatures vanquished.

Notes
Turn   | Place    | Note
-------+----------+-------------------------------------------
     0 | D:1      | Kairos the Vine Stalker Assassin began the quest for the
                  | Orb.
     0 | D:1      | Reached XP level 1. HP: 11/11 MP: 2/2
   156 | D:1      | Found an iron altar of Okawaru.
   159 | D:1      | Reached skill level 5 in Stealth
   182 | D:1      | Reached XP level 2. HP: 15/15 MP: 3/3
   187 | D:1      | Became a worshipper of Warmaster Okawaru
   685 | D:2      | Found a deep blue altar of Sif Muna.
   782 | D:2      | Reached XP level 3. HP: 16/18 MP: 4/4
   821 | D:2      | Mangled by a worm

Skill      XL: |  1  2  3 |
---------------+----------+-----
Stealth        | 5 |  5.6
Fighting       | 2 |  2.2
Short Blades   | 2 |  2.2
Throwing       | |  1.9
Dodging        | |  0.7

Action                   || total
-------------------------++-------
Melee: Short sword       ||    56
       Dagger            ||     2
       Bite              ||    10
  Use: Scroll            ||     2
       Potion            ||     2
 Stab: Sleeping          ||     7
Armor: Robe              ||    14
Dodge: Dodged            ||    30
